Dernière mise à jour: 2025-12-07 16:11:59
% Time on Ice - SACRAMENTO BANDITS
Lines # - Real PCT - Wanted PCT - Time Play
Normal Forward
1 - 33% - 36% - 15:42
2 - 21% - 31% - 10:12
3 - 20% - 23% - 9:22
4 - 26% - 10% - 12:33
Normal Defense
1 - 32% - 36% - 15:10
2 - 29% - 31% - 13:47
3 - 36% - 23% - 17:05
4 - 4% - 10% - 1:47
PP Forward
1 - 51% - 55% - 2:30
2 - 49% - 45% - 2:27
PP Defense
1 - 51% - 55% - 2:30
2 - 49% - 45% - 2:27
PK Forward
1 - 64% - 55% - 4:37
2 - 36% - 45% - 2:37
PK Defense
1 - 26% - 55% - 1:54
2 - 74% - 45% - 5:20
PK3 Forward
1 - 0% - 55%
2 - 0% - 45%
PK3 Defense
1 - 0% - 55%
2 - 0% - 45%
44 Forward
1 - 0% - 55%
2 - 0% - 45%
44 Defense
1 - 0% - 55%
2 - 0% - 45%
Last Minute Offensive  - 0:00
Last Minute Defensive  - 0:00
Total
Forward - 60:00
Defense - 60:00
% Time on Ice - TEXAS TOROS
Lines # - Real PCT - Wanted PCT - Time Play
Normal Forward
1 - 33% - 36% - 15:50
2 - 28% - 31% - 13:30
3 - 24% - 23% - 11:36
4 - 14% - 10% - 6:53
Normal Defense
1 - 41% - 44% - 19:43
2 - 35% - 36% - 16:44
3 - 9% - 10% - 4:24
4 - 15% - 10% - 6:58
PP Forward
1 - 53% - 65% - 3:49
2 - 47% - 35% - 3:25
PP Defense
1 - 53% - 65% - 3:49
2 - 47% - 35% - 3:25
PK Forward
1 - 67% - 55% - 3:20
2 - 33% - 45% - 1:37
PK Defense
1 - 40% - 55% - 1:58
2 - 60% - 45% - 2:59
PK3 Forward
1 - 0% - 55%
2 - 0% - 45%
PK3 Defense
1 - 0% - 55%
2 - 0% - 45%
44 Forward
1 - 0% - 55%
2 - 0% - 45%
44 Defense
1 - 0% - 55%
2 - 0% - 45%
Last Minute Offensive  - 0:00
Last Minute Defensive  - 0:00
Total
Forward - 60:00
Defense - 60:00
Play-by-Play 1st period 0:01 of 1st period - Blake Wheeler wins face-off versus Troy Terry in neutral zone. 0:01 of 1st period - Jonathan Huberdeau is hit by Yegor Chinakhov and loses puck. 0:24 of 1st period - Shot by Troy Terry. 0:24 of 1st period - Stopped by Louis Domingue without a rebound. 0:25 of 1st period - Ryan Poehling wins face-off versus Anthony Beauvillier in SACRAMENTO BANDITS zone. 1:38 of 1st period - Off-side. 1:39 of 1st period - Blake Wheeler wins face-off versus Troy Terry in neutral zone. 2:11 of 1st period - Shot by Troy Terry. 2:11 of 1st period - Stopped by Louis Domingue without a rebound. 2:12 of 1st period - Fredrik Karlstrom wins face-off versus Trevor Zegras in SACRAMENTO BANDITS zone. 3:04 of 1st period - Shot by Blake Wheeler. 3:04 of 1st period - Shot Misses the Net. 5:48 of 1st period - Shot by Ryan Poehling. 5:48 of 1st period - Shot Misses the Net. 5:50 of 1st period - Shot by Ryan Poehling. 5:50 of 1st period - Goal by Ryan Poehling - SACRAMENTO BANDITS : 0 - TEXAS TOROS : 1. 5:51 of 1st period - Blake Wheeler wins face-off versus Kevin Hayes in neutral zone. 6:04 of 1st period - Shot by Jonathan Huberdeau. 6:04 of 1st period - Shot Misses the Net. 6:12 of 1st period - Shot by Jonathan Huberdeau. 6:12 of 1st period - Shot Misses the Net. 6:14 of 1st period - Shot by Blake Wheeler. 6:14 of 1st period - Shot Misses the Net. 6:50 of 1st period - Shot by Aaron Ekblad. 6:50 of 1st period - Shot Misses the Net. 6:52 of 1st period - Shot by Anthony Beauvillier. 6:52 of 1st period - Shot Hit the Post. 6:56 of 1st period - Shot by Josh Anderson. 6:56 of 1st period - Shot Misses the Net. 6:58 of 1st period - Shot by Anthony Beauvillier. 6:58 of 1st period - Stopped by Philipp Grubauer with a rebound. 7:00 of 1st period - Shot by Aaron Ekblad. 7:00 of 1st period - Shot Blocked by Tyson Barrie. 7:02 of 1st period - Shot by Aaron Ekblad. 7:02 of 1st period - Goal by Aaron Ekblad - SACRAMENTO BANDITS : 1 - TEXAS TOROS : 1. 7:03 of 1st period - Fredrik Karlstrom wins face-off versus Ryan Poehling in neutral zone. 7:11 of 1st period - Shot by Dillon Dube. 7:11 of 1st period - Stopped by Philipp Grubauer without a rebound. 7:12 of 1st period - Tyson Foerster wins face-off versus Jakob Silfverberg in TEXAS TOROS zone. 8:37 of 1st period - Icing by Simon Edvinsson. 8:38 of 1st period - Fredrik Karlstrom wins face-off versus Troy Terry in SACRAMENTO BANDITS zone. 8:52 of 1st period - Shot by Matthew Knies. 8:52 of 1st period - Stopped by Philipp Grubauer without a rebound. 8:53 of 1st period - Anthony Beauvillier wins face-off versus Trevor Zegras in TEXAS TOROS zone. 9:02 of 1st period - Shot by Jakob Silfverberg. 9:02 of 1st period - Deflect By Anthony Beauvillier. 9:02 of 1st period - Shot Hit the Post. 9:54 of 1st period - Shot by Corey Perry. 9:54 of 1st period - Shot Blocked by Dougie Hamilton. 9:56 of 1st period - Shot by Blake Wheeler. 9:56 of 1st period - Stopped by Philipp Grubauer with a rebound. 9:58 of 1st period - Shot by Mark Giordano. 9:58 of 1st period - Goal by Mark Giordano - SACRAMENTO BANDITS : 2 - TEXAS TOROS : 1. 9:59 of 1st period - Fredrik Karlstrom wins face-off versus Troy Terry in neutral zone. 10:10 of 1st period - Shot by Patrick Kane. 10:10 of 1st period - Shot Misses the Net. 10:25 of 1st period - Off-side. 10:26 of 1st period - Ryan Poehling wins face-off versus Blake Wheeler in neutral zone. 10:31 of 1st period - Shot by Logan Cooley. 10:31 of 1st period - Stopped by Louis Domingue without a rebound. 10:32 of 1st period - Anthony Beauvillier wins face-off versus Ryan Poehling in SACRAMENTO BANDITS zone. 11:01 of 1st period - Icing by Mark Giordano. 11:02 of 1st period - Troy Terry wins face-off versus Anthony Beauvillier in SACRAMENTO BANDITS zone. 11:13 of 1st period - Shot by Yegor Chinakhov. 11:13 of 1st period - Shot Misses the Net. 11:23 of 1st period - Shot by Troy Terry. 11:23 of 1st period - Shot Misses the Net. 11:30 of 1st period - Mark Giordano is hit by Troy Terry and loses puck. 11:47 of 1st period - Shot by Corey Perry. 11:47 of 1st period - Stopped by Philipp Grubauer without a rebound. 11:48 of 1st period - Kevin Hayes wins face-off versus Dillon Dube in TEXAS TOROS zone. 11:57 of 1st period - Shot by Bobby Brink. 11:57 of 1st period - Shot Misses the Net. 12:07 of 1st period - Shot by Matthew Knies. 12:07 of 1st period - Stopped by Philipp Grubauer without a rebound. 12:08 of 1st period - Ryan Poehling wins face-off versus Blake Wheeler in TEXAS TOROS zone. 12:16 of 1st period - Off-side. 12:17 of 1st period - Blake Wheeler wins face-off versus Ryan Poehling in neutral zone. 12:32 of 1st period - Shot by Blake Wheeler. 12:32 of 1st period - Shot Hit the Post. 12:43 of 1st period - Ryan Poehling is hit by Zach Bogosian. 12:50 of 1st period - Tyson Foerster is hit by Aaron Ekblad. 13:22 of 1st period - Shot by Troy Terry. 13:22 of 1st period - Stopped by Louis Domingue without a rebound. 13:23 of 1st period - Kevin Hayes wins face-off versus Anthony Beauvillier in SACRAMENTO BANDITS zone. 13:36 of 1st period - Shot by Kevin Hayes. 13:36 of 1st period - Shot Misses the Net. 13:55 of 1st period - Off-side. 13:56 of 1st period - Troy Terry wins face-off versus Fredrik Karlstrom in neutral zone. 14:57 of 1st period - Dillon Dube is hit by Patrick Kane and loses puck. 15:13 of 1st period - Icing by Ryan Poehling. 15:14 of 1st period - Ryan Poehling wins face-off versus Adam Gaudette in TEXAS TOROS zone. 15:39 of 1st period - Icing by Aaron Ekblad. 15:40 of 1st period - Kevin Hayes wins face-off versus Adam Gaudette in SACRAMENTO BANDITS zone. 15:43 of 1st period - Shot by Kevin Hayes. 15:43 of 1st period - Stopped by Louis Domingue with a rebound. 15:45 of 1st period - Shot by Miles Wood. 15:45 of 1st period - Shot Blocked by Aaron Ekblad. 15:47 of 1st period - Shot by Tyson Barrie. 15:47 of 1st period - Stopped by Louis Domingue without a rebound. 15:48 of 1st period - Kevin Hayes wins face-off versus Blake Wheeler in SACRAMENTO BANDITS zone. 16:48 of 1st period - Shot by Patrick Kane. 16:48 of 1st period - Goal by Patrick Kane - SACRAMENTO BANDITS : 2 - TEXAS TOROS : 2. 16:49 of 1st period - Adam Gaudette wins face-off versus Troy Terry in neutral zone. 16:51 of 1st period - Dominik Kubalik is hit by Isaak Phillips and loses puck. 17:04 of 1st period - Shot by Dominik Kubalik. 17:04 of 1st period - Shot Misses the Net. 17:15 of 1st period - Dominik Kubalik is hit by Owen Power and loses puck. 17:24 of 1st period - Shot by Jakob Silfverberg. 17:24 of 1st period - Deflect By Adam Gaudette. 17:24 of 1st period - Shot Misses the Net. 17:44 of 1st period - Shot by Fredrik Karlstrom. 17:44 of 1st period - Stopped by Philipp Grubauer with a rebound. 18:05 of 1st period - Logan Cooley is hit by Joel Edmundson and loses puck. 18:19 of 1st period - Tyson Foerster is hit by Joel Edmundson and loses puck. 19:38 of 1st period - Shot by Kevin Hayes. 19:38 of 1st period - Stopped by Louis Domingue without a rebound. 19:39 of 1st period - Jakob Silfverberg wins face-off versus Troy Terry in SACRAMENTO BANDITS zone. 19:49 of 1st period - Icing by Mikhail Sergachev. 19:50 of 1st period - Anthony Beauvillier wins face-off versus Troy Terry in TEXAS TOROS zone. 19:50 of 1st period - Anthony Beauvillier is hit by Owen Power. Goals for this period are 2 for SACRAMENTO BANDITS vs 2 for TEXAS TOROS. Shots for this period are 9 for SACRAMENTO BANDITS vs 9 for TEXAS TOROS. 2nd period 0:01 of 2nd period - Anthony Beauvillier wins face-off versus Troy Terry in neutral zone. 0:04 of 2nd period - Owen Power is hit by Josh Anderson and loses puck. 0:12 of 2nd period - Off-side. 0:13 of 2nd period - Ryan Poehling wins face-off versus Blake Wheeler in neutral zone. 0:20 of 2nd period - Shot by Tyson Foerster. 0:20 of 2nd period - Shot Misses the Net. 0:22 of 2nd period - Shot by Tyson Barrie. 0:22 of 2nd period - Shot Hit the Post. 0:24 of 2nd period - Shot by Dougie Hamilton. 0:24 of 2nd period - Shot Blocked by Joel Edmundson. 0:26 of 2nd period - Shot by Ryan Poehling. 0:26 of 2nd period - Stopped by Louis Domingue with a rebound. 0:28 of 2nd period - Shot by Tyson Barrie. 0:28 of 2nd period - Goal by Tyson Barrie - SACRAMENTO BANDITS : 2 - TEXAS TOROS : 3. 0:29 of 2nd period - Troy Terry wins face-off versus Anthony Beauvillier in neutral zone. 0:35 of 2nd period - Icing by Zach Bogosian. 0:36 of 2nd period - Troy Terry wins face-off versus Anthony Beauvillier in SACRAMENTO BANDITS zone. 0:41 of 2nd period - Shot by Yegor Chinakhov. 0:41 of 2nd period - Stopped by Louis Domingue without a rebound. 0:42 of 2nd period - Anthony Beauvillier wins face-off versus Troy Terry in SACRAMENTO BANDITS zone. 1:06 of 2nd period - Shot by Josh Anderson. 1:06 of 2nd period - Shot Misses the Net. 1:41 of 2nd period - Jonathan Huberdeau is hit by Mikhail Sergachev and loses puck. 2:00 of 2nd period - Shot by Jonathan Huberdeau. 2:00 of 2nd period - Stopped by Philipp Grubauer without a rebound. 2:01 of 2nd period - Ryan Poehling wins face-off versus Fredrik Karlstrom in TEXAS TOROS zone. 2:14 of 2nd period - Shot by Matthew Knies. 2:14 of 2nd period - Stopped by Philipp Grubauer without a rebound. 2:15 of 2nd period - Kevin Hayes wins face-off versus Dominik Kubalik in TEXAS TOROS zone. 2:22 of 2nd period - Shot by Miles Wood. 2:22 of 2nd period - Goal by Miles Wood - SACRAMENTO BANDITS : 2 - TEXAS TOROS : 4. 2:22 of 2nd period - Matthew Murray enters game. 2:23 of 2nd period - Blake Wheeler wins face-off versus Ryan Poehling in neutral zone. 4:24 of 2nd period - Mikhail Sergachev is hit by Anthony DeAngelo. 4:39 of 2nd period - Minor Penalty to Anthony DeAngelo for High sticking. 4:40 of 2